cohdb
Replays
Latest Replays
All Replays
Popular Replays
Top Player Replays
Match Explorer
How It Works
Community
CoH3 Stats
Reddit
Sign in to upload your games and track your stats! →
Sign in with Steam
Match 42531490
Unlisted
Match 42531490
Overview
Messages
Build Orders
End
250 Light Carrier
Panzerpioneer Squad
250 Light Carrier
Construct Light Support Kompanie
250 Light Carrier
Panzerjäger Squad
Panzerjäger Squad
2.5-tonne Medical Truck
Fire Support Elements
Panzerpioneer Squad
Selects Italian Infantry
Selects Guastatori Squad
Selects Registered Artillery
Pak 38 Anti-tank Gun Team
Construct Panzerarmee Kommand
Guastatori Squad
AI Takeover
Sgannarel
Dave
ZOMBIEGIRL
BONES
0
0
Comments
sign in to comment!
No comments posted yet!